 Dungeon Crawl Stone Soup version 0.26-a0-668-gd58323b419 (webtiles) character file.

Game seed: 12294996034493107337

337 miscthings the Slicer (level 6, -1/37 HPs)
             Began as a Kobold Berserker on Oct 18, 2020.
             Was a Priest of Trog.
             Splashed by a jelly's acid (8 damage)
             ... on level 4 of the Dungeon.
             The game lasted 00:04:26 (3639 turns).

miscthings the Slicer (Kobold Berserker)            Turns: 3639, Time: 00:04:26

Health: -1/37      AC:  2    Str: 15    XL:     6   Next: 85%
Magic:  6/6        EV: 13    Int: 10    God:    Trog [***...]
Gold:   96         SH:  4    Dex: 14    Spells: 5/5 levels left

rFire    . . .     SeeInvis .   a - +0 short sword
rCold    . . .     Faith    .   k - +0 buckler
rNeg     . . .     Spirit   .   b - +2 ring mail {rPois}
rPois    +         Reflect  .   q - +2 helmet
rElec    .         Harm     .   (no cloak)
rCorr    .         Rampage  .   (no gloves)
MR       .....                  (no boots)
Stlth    ++........             (no amulet)
HPRegen  0.12/turn              (no ring)
MPRegen  0.10/turn              (no ring)

@: corroded, berserk cooldown, slowed, very slow
A: small, nightstalker 3
a: Berserk, Trog's Hand, Renounce Religion


You were on level 4 of the Dungeon.
You worshipped Trog.
Trog was most pleased with you.
You visited 1 branch of the dungeon, and saw 4 of its levels.

You collected 96 gold pieces.

Inventory:

Hand Weapons
 a - a +0 short sword (weapon)
 h - a +0 dagger
Armour
 b - a +2 ring mail of poison resistance (worn)
 f - a +2 robe of fire resistance
 k - a +0 buckler (worn)
 q - a +2 helmet (worn)
Jewellery
 n - an uncursed ring of fire
Wands
 d - a wand of polymorph (12)
 j - a wand of enslavement (8)
 p - a wand of digging (3)
Scrolls
 c - 2 scrolls of identify {unknown}
 i - 4 scrolls of fear {unknown}
 l - a scroll of fog {unknown}
Potions
 e - 2 potions of degeneration {unknown}
 g - a potion of stabbing {unknown}
 m - a potion of magic {unknown}
 o - a potion of curing {unknown}
 r - a potion of heal wounds {unknown}


   Skills:
 - Level 3.2 Fighting
 + Level 9.4 Short Blades
 - Level 1.5 Armour
 - Level 2.4 Dodging


You had 5 spell levels left.
You didn't know any spells.
Your spell library contained the following spells:

 Spells                   Type           Power        Failure   Level
 Animate Skeleton         Necr           #.....       77%         1


Dungeon Overview and Level Annotations

Branches:
Dungeon (4/15)
 Temple: D:4-7

Altars:
Dithmenos
Kikubaaqudgha
Sif Muna
Vehumet


Innate Abilities, Weirdness & Mutations

You are small and have problems with some larger weapons.
You are completely attuned to the shadows.


Message History

You hit the jelly but do no damage.
Your hands burn!
The jelly is lightly wounded.
The jelly closely misses you.
You hit the jelly.
Your hands burn!
The jelly is heavily wounded.
The jelly closely misses you.
You hit the jelly. The acid corrodes you!
Your hands burn!
The jelly is severely wounded.
The jelly jiggles.
The jelly closely misses you.
You hit the jelly.
Your hands burn!
The jelly is almost dead.
The jelly hits you.
You are splashed with acid!
You hit the jelly but do no damage.
Your hands burn!
* * * LOW HITPOINT WARNING * * *
The jelly is almost dead.
The jelly hits you.
* * * LOW HITPOINT WARNING * * *
You are splashed with acid!
You die...

.....# ###..####
.....##. .........
.....##.######..######
......#..........#<...
......#...............
....#.#.#........#....
###.#.#......#...#.###
#.#J#....###...#.#
#.#@#....# #..##.#
#.#....# ..# #.#.....#
#......... .
####.##.#. . .....# .
.#.. ...^


You could see a jelly.

Vanquished Creatures
  Menkaure (D:4)
  Jessica (D:2)
  A worker ant (D:4)
  Robin (D:4)
  3 adders
  6 worms (D:3)
  4 dart slugs
  3 leopard geckos
  8 orcs (D:3)
  3 ball pythons
  8 bats
  4 giant cockroaches
  13 hobgoblins
  8 kobolds
  A quokka (D:2)
  4 frilled lizards
  17 goblins
  8 rats
94 creatures vanquished.

Notes
Turn   | Place    | Note
-------+----------+-------------------------------------------
     0 | D:1      | miscthings the Kobold Berserker began the quest for the
                  | Orb.
     0 | D:1      | Reached XP level 1. HP: 14/14 MP: 1/1
   163 | D:1      | Reached XP level 2. HP: 18/19 MP: 2/2
   286 | D:1      | You fall into a shaft and drop 1 floor!
   296 | D:2      | Reached skill level 5 in Short Blades
   531 | D:1      | Reached XP level 3. HP: 23/23 MP: 3/3
  1298 | D:2      | Reached ** piety under Trog
  1313 | D:2      | Reached skill level 6 in Short Blades
  1313 | D:2      | Reached XP level 4. HP: 13/28 MP: 4/4
  1619 | D:2      | Noticed Jessica
  1624 | D:2      | Killed Jessica
  1780 | D:2      | Found a radiant altar of Vehumet.
  1784 | D:2      | Found an ancient bone altar of Kikubaaqudgha.
  1787 | D:2      | Identified Kikubaaqudgha's Reference Book on Unholy Secrets
  1792 | D:2      | Found a shimmering blue altar of Sif Muna.
  1814 | D:2      | Reached skill level 7 in Short Blades
  1814 | D:2      | Reached XP level 5. HP: 32/32 MP: 5/5
  2236 | D:2      | Found a shadowy altar of Dithmenos.
  2603 | D:3      | Reached *** piety under Trog
  3194 | D:4      | Noticed Menkaure
  3195 | D:4      | Noticed Robin
  3206 | D:4      | Killed Menkaure
  3206 | D:4      | Reached skill level 9 in Short Blades
  3206 | D:4      | Reached XP level 6. HP: 37/37 MP: 6/6
  3286 | D:4      | Killed Robin
  3639 | D:4      | Splashed by a jelly's acid

Illustrated notes

Levels and vault maps discovered:
D:1:      dpeg_arrival_round_c, layout_basic, glass_columns_c,
          corexii_leaking_fountain
D:2:      layout_loops_cross, grunt_temple_overflow_magic_moments,
          marbit_many_paths, uniq_jessica
D:3:      layout_loops_ring
D:4:      layout_basic, nicolae_overflow_crystal_walls, uniq_robin,
          uniq_sigmund, uniq_menkaure

Skill      XL: |  1  2  3  4  5 |
---------------+----------------+-----
Short Blades   | 5 6 7 9 |  9.4
Fighting       | |  3.2
Armour         | |  1.5
Dodging        | |  2.4

Action                   |  1- 3 |  4- 6 || total
-------------------------+-------+-------++-------
Melee: Short sword       |   110 |   236 ||   346
Invok: Berserk           |     1 |     5 ||     6
 Stab: Sleeping          |     6 |    12 ||    18
Armor: Animal skin       |    10 |     2 ||    12
       Robe              |       |     2 ||     2
       Ring mail         |       |    40 ||    40
Dodge: Dodged            |    66 |    97 ||   163
Block: Buckler           |       |    13 ||    13

Table legend: (Time is in decaauts)
 A = Elapsed time spent in this place.
 B = Non-inter-level travel time spent in this place.
 C = Inter-level travel time spent in this place.
 D = Time resting spent in this place.
 E = Time spent auto-exploring this place.
 F = Levels seen in this place.
 G = Mean time per level.
                   A        B        C        D        E       F      G
               +--------+--------+--------+--------+--------+-----+--------+
         Total |   3616 |   3465 |    151 |    580 |   2224 |   4 |  904.0 |
       Dungeon |   3616 |   3465 |    151 |    580 |   2224 |   4 |  904.0 |
               +--------+--------+--------+--------+--------+-----+--------+

Top non-repeatable levels by time:
     D:2: 1155 daAuts
     D:1: 1148 daAuts
     D:3: 877 daAuts
     D:4: 434 daAuts
